Map: Frost LE

Players

rickb

  • Race: Terran Terran

blackxored - Winner!

  • Race: Zerg Zerg
  • League: Platinum

VOD

Have the link to the VOD?

Description

Time

  • Played on: June 25, 2016, 6:43 p.m.
  • Length: 15:12
Show
View Real Time Build Order
Export as new Build Order

rickb Terran 

Build Orders: Liberator Opening, Reaper Expand, Mech 

Get SALT Encoding   

  12  0:01  SCV  
  13  0:13  SCV  
  14  0:24  Supply Depot  
  14  0:34  SCV  
  15  0:40  Refinery  
  15  0:46  SCV  
  15  0:47  Barracks  
  16  0:58  SCV  
  17  1:10  SCV  
  18  1:32  Command Center  
  18  1:33  SCV  
  19  1:45  Orbital Command  
  19  1:50  Reaper  
  20  2:05  Supply Depot  
  20  2:12  Factory  
  20  2:13  SCV  
  21  2:27  SCV  
  22  2:30  Refinery  
  22  2:33  Supply Depot  
  22  2:34  Marine  
  22  2:53  Marine  
  22  2:54  Orbital Command  
  23  3:11  Marine  
  24  3:13  Starport, Factory Tech Lab  
  24  3:14  SCV  
  25  3:25  SCV  
  25  3:26  SCV  
  27  3:29  Marine  
  27  3:31  Refinery  
  28  3:37  SCV  
  28  3:38  Supply Depot, SCV  
  27  3:54  Liberator  
  27  4:00  SCV x2  
  27  4:12  SCV x2  
  27  4:13  Siege Tank  
  35  4:24  SCV x2  
  37  4:36  SCV  
  38  4:41  Factory  
  38  4:45  Siege Tank  
  38  4:47  SCV  
  38  4:48  SCV  
  43  5:32  Factory  
  43  5:33  SCV x2  
  43  5:34  Factory  
  45  5:39  Command Center  
  45  5:43  Engineering Bay, Refinery  
  45  6:01  Siege Tank  
  45  6:04  Factory Tech Lab  
  47  6:12  Missile Turret  
  47  6:18  Armory  
  47  6:23  Infernal Pre-Igniter  
  47  6:28  Hellion x3  
  47  6:31  SCV x2  
  55  6:33  Siege Tank  
  55  6:36  Missile Turret  
  55  6:38  Missile Turret  
  58  6:49  Hellion, Liberator  
  63  7:10  Siege Tank x2  
  63  7:13  Hellion x2  
  73  7:20  Terran Vehicle Weapons Level 1  
  73  7:26  Supply Depot  
  73  7:46  Hellion x2  
  73  7:48  Hellion x2  
  81  7:54  Factory, Supply Depot  
  81  7:55  Factory  
  81  7:56  Factory, Supply Depot  
  81  7:57  Supply Depot  
  81  8:07  Hellion  
  83  8:35  Thor  
  83  8:36  Thor  
  83  8:37  Hellion  
  83  8:38  Hellion  
  99  8:43  Supply Depot  
  98  9:17  Terran Vehicle Weapons Level 2  
  98  9:23  Thor  
  104  9:27  Hellion, Siege Tank  
  106  9:41  Liberator  
  106  9:48  SCV  
  106  9:49  SCV  
  111  10:00  SCV  
  111  10:01  SCV  
  111  10:06  Planetary Fortress  
  113  10:12  SCV  
  113  10:13  SCV  
  115  10:24  Liberator  
  115  10:25  SCV x2  
  117  10:30  Factory Tech Lab x2  
  117  10:31  Factory Tech Lab x3  
  117  10:35  Hellion  
  117  10:37  Siege Tank, SCV x2  
  73  11:14  Siege Tank x3  
  73  11:15  Hellion x2  
  73  11:16  Hellion x2  
  90  11:23  SCV  
  88  11:26  SCV  
  77  11:33  Terran Vehicle And Ship Armor Level 1  
  77  11:35  SCV  
  77  11:37  Hellion x4  
  83  11:43  Missile Turret  
  83  11:46  Hellion, Siege Tank, Missile Turret  
  83  11:47  Hellion  
  90  11:48  SCV  
  90  11:49  SCV  
  90  11:54  Refinery  
  92  11:56  Refinery  
  92  11:58  Hellion  
  92  12:00  SCV  
  92  12:01  SCV  
  96  12:05  Missile Turret  
  96  12:12  SCV  
  97  12:23  SCV  
  98  12:30  Starport Tech Lab  
  98  12:35  Supply Depot, SCV  
  99  12:44  Siege Tank x4  
  105  12:45  Siege Tank  
  105  12:47  SCV  
  115  12:56  Thor  
  121  12:59  SCV  
  121  13:02  Supply Depot  
  122  13:11  SCV  
  121  13:26  Command Center  
  121  13:31  Thor  
  121  13:33  Thor  
  132  14:07  Thor  
  132  14:08  Thor x2  
  132  14:09  Siege Tank  
  110  14:14  Siege Tank  
  97  14:49  Missile Turret  
Show
View Real Time Build Order
Export as new Build Order

blackxored Zerg - Winner!

Build Orders: Hatch First 

Get SALT Encoding   

  12  0:01  Drone  
  13  0:08  Drone  
  14  0:19  Overlord  
  14  0:25  Extractor  
  14  0:26  Drone  
  15  0:40  Drone  
  15  0:41  Drone  
  17  0:58  Hatchery  
  17  1:01  Drone  
  17  1:03  Drone  
  18  1:13  Drone  
  18  1:17  Extractor  
  18  1:19  Spawning Pool  
  18  1:23  Drone  
  18  1:28  Drone  
  19  1:39  Overlord  
  19  1:50  Drone  
  20  2:07  Queen  
  22  2:08  Zergling x2  
  22  2:14  Zergling x4  
  22  2:15  Queen  
  25  2:18  Metabolic Boost  
  27  2:24  Zergling x2  
  27  2:25  Zergling x2  
  29  2:48  Hatchery  
  27  2:54  Queen  
  27  2:56  Pneumatized Carapace  
  29  3:09  Drone x3  
  29  3:10  Drone  
  31  4:01  Drone x9  
  38  4:06  Queen  
  40  4:11  Overlord  
  40  4:23  Drone  
  41  4:29  Queen x2  
  45  4:34  Overlord  
  45  4:42  Drone x4  
  49  4:53  Drone  
  49  4:54  Roach Warren  
  49  4:55  Drone  
  49  4:56  Extractor, Drone x2  
  49  4:57  Drone  
  52  5:00  Drone x4  
  52  5:02  Extractor  
  52  5:04  Extractor  
  54  5:10  Lair  
  54  5:12  Drone  
  54  5:13  Drone x2  
  57  5:20  Overlord x2  
  56  5:27  Queen  
  56  5:34  Zergling x4  
  55  5:38  Drone  
  55  5:40  Drone  
  56  5:46  Spine Crawler  
  55  5:57  Drone x5  
  57  6:02  Drone  
  61  6:14  Drone  
  61  6:15  Drone, Evolution Chamber  
  61  6:16  Glial Reconstitution, Evolution Chamber  
  61  6:18  Drone x3  
  64  6:34  Drone x7  
  64  6:35  Hatchery  
  70  6:42  Zerg Missile Weapons Level 1  
  70  6:43  Zerg Ground Armor Level 1  
  70  6:46  Drone x4  
  74  6:58  Overlord x3  
  74  6:59  Overlord  
  74  7:18  Roach x9  
  74  7:20  Queen  
  94  7:30  Roach x3  
  94  7:34  Drone  
  94  7:36  Infestation Pit  
  100  7:39  Roach x3  
  100  7:41  Overlord  
  101  7:53  Roach x5  
  110  8:02  Roach  
  110  8:03  Roach x4  
  120  8:28  Overlord x6  
  120  8:31  Hive  
  120  8:38  Zerg Missile Weapons Level 2  
  120  8:39  Zerg Ground Armor Level 2  
  120  8:49  Drone x3  
  120  8:50  Extractor x2, Drone x3  
  120  8:53  Drone x3  
  127  8:56  Roach x5  
  127  8:57  Queen  
  139  9:07  Spire  
  137  9:10  Spire  
  136  9:19  Roach  
  136  9:20  Roach x5  
  145  9:30  Ravager x2  
  145  9:31  Ravager  
  146  9:42  Drone x4  
  146  9:44  Drone  
  151  9:51  Overlord  
  151  9:52  Overlord x4  
  151  10:00  Evolution Chamber  
  151  10:01  Evolution Chamber  
  151  10:02  Ultralisk Cavern  
  151  10:04  Queen  
  151  10:07  Drone  
  150  10:25  Mutalisk x5  
  150  10:26  Mutalisk  
  150  10:28  Zergling x8  
  140  10:42  Roach  
  140  10:43  Roach x6  
  140  10:46  Ravager x2  
  140  10:49  Zergling x8  
  106  11:00  Roach x5  
  115  11:09  Chitinous Plating  
  115  11:10  Zergling x10  
  120  11:15  Adrenal Glands  
  109  11:33  Ravager x2  
  109  11:34  Ravager x2  
  109  11:38  Drone x12  
  125  11:55  Zerg Missile Weapons Level 3  
  125  12:03  Zerg Ground Armor Level 3  
  125  12:13  Extractor  
  125  12:14  Extractor, Drone  
  124  12:16  Ultralisk  
  124  12:19  Drone x4  
  134  12:22  Hatchery  
  134  12:23  Drone x2  
  135  12:35  Roach x7  
  135  12:36  Roach  
  151  12:38  Ravager  
  151  12:39  Ravager  
  153  12:54  Ravager x3  
  156  13:15  Ultralisk x2  
  168  13:35  Ultralisk x2  
  180  13:44  Corruptor x2  
  180  13:47  Zergling x28  
  167  14:15  Ravager x4  
  162  14:19  Zergling x2  
  162  14:20  Zergling x38  
  182  14:25  Ultralisk  
  182  14:30  Queen  
Tags
 
Add a new tag
Caveats
  • Supply blocks, unpowered buildings, or Contaminate may cause inaccurate times.
  • Supply counts are checked every 10 seconds.